 Dungeon Crawl Stone Soup version 0.31.0-1-g2c135a0 (webtiles) character file.

Game seed: 583810403618363886

317 pedrokmd the Grave Robber (level 6, 0/41 HPs)
             Began as a Demonspawn Necromancer on Feb 15, 2024.
             Slain by a quasit (3 damage)
             ... on level 4 of the Dungeon.
             The game lasted 00:14:21 (3143 turns).

pedrokmd the Grave Robber (Demonspawn Necromancer)  Turns: 3143, Time: 00:14:21

Health: 0/41       AC:  3    Str: 12 (14) XL:     6   Next: 20%
Magic:  11/11      EV:  2    Int: 15 (18) God:
Gold:   157        SH:  0    Dex: -11 (13)Spells: 8/12 levels left

rFire   . . .        s - +0 scythe
rCold   . . .        (shield currently unavailable)
rNeg    . . .        t - +1 robe
rPois   .            (no helmet)
rElec   .            (no cloak)
rCorr   .            (no gloves)
SInv    .            (no boots)
Will    +....        (no amulet) Stlth
                     n - +6 ring of strength
HPRegen 0.26/turn    (no ring)
MPRegen 0.12/turn

%: no passive effects
@: brilliant, enlightened, slowed, lost dexterity, very slow
A: claws 1, sturdy frame 1, condensation shield, demonic magic 1
a: no special abilities


You were on level 4 of the Dungeon.
You visited 1 branch of the dungeon, and saw 4 of its levels.

You collected 157 gold pieces.

Inventory:

Hand Weapons
 c - a +0 whip
 s - a +0 scythe (weapon)
Missiles
 e - 2 poisoned darts
 g - 2 throwing nets
 h - 5 curare-tipped darts (quivered)
Armour
 a - a +0 robe
 t - a +1 robe (worn)
Magical Staves
 i - a staff of earth
Jewellery
 n - a +6 ring of strength (left claw)
Scrolls
 d - 3 scrolls of teleportation {unknown}
 f - a scroll of noise {unknown}
 j - a scroll of fog {unknown}
 k - 6 scrolls of identify {unknown}
 m - a scroll of enchant armour {unknown}
 p - 2 scrolls of fear {unknown}
Potions
 b - 2 potions of magic
 q - a potion of enlightenment


   Skills:
 + Level 0.1 Polearms
 - Level 2.0 Dodging
 - Level 2.0 Stealth
 * Level 3.8 Spellcasting
 - Level 7.0 Necromancy


You had 8 spell levels left.
You knew the following spells:

 Your Spells              Type           Power      Damage    Failure   Level
a - Necrotise             Necr           100%       1d9       1%          1
b - Vampiric Draining     Necr           36%        2d8       3%          3

Your spell library contained the following spells:

 Spells                   Type           Power      Damage    Failure   Level
 Animate Dead             Necr           36%        N/A       10%         4
 Apportation              Tloc           8%         N/A       19%         1
 Slow                     Hex            16%        N/A       19%         1
 Sting                    Conj/Alch      16%        1d4       19%         1
 Summon Small Mammal      Summ           16%        N/A       19%         1
 Curse of Agony           Necr           36%        N/A       28%         5
 Confusing Touch          Hex            4%         N/A       50%         3
 Sigil of Binding         Hex            4%         N/A       50%         3


Dungeon Overview and Level Annotations

Branches:
Dungeon (4/15)
 Temple: D:4-7

Altars:
Dithmenos
Sif Muna


Innate Abilities, Weirdness & Mutations

You have sharp fingernails.
Your movements are slightly less encumbered by armour. (ER -2)
A meltable shield of frost defends you. (SH +4)
Spells you cast may paralyse adjacent enemies.


Message History

The quasit claws you.
* * * LOW HITPOINT WARNING * * *
The quasit claws you.
* * * LOW HITPOINT WARNING * * *
You feel clumsy. The quasit bites you.
* * * LOW HITPOINT WARNING * * *
You feel clumsy.
The quasit claws you but does no damage. x2
Unknown command.
Okay, then.
The quasit bites you.
* * * LOW HITPOINT WARNING * * *
You feel clumsy. The quasit barely misses you. x2
Okay, then.
Casting: Necrotise (safe; 1% risk of failure)
Confirm with . or Enter, or press ? or * to list all spells.
You don't know that spell.
Unknown command.
Casting: Necrotise (safe; 1% risk of failure)
Confirm with . or Enter, or press ? or * to list all spells.
You don't know that spell.
Casting: Necrotise (safe; 1% risk of failure)
Confirm with . or Enter, or press ? or * to list all spells.
You don't know that spell.
Casting: Necrotise (safe; 1% risk of failure)
Confirm with . or Enter, or press ? or * to list all spells.
You don't know that spell.
Casting: Necrotise (safe; 1% risk of failure)
Confirm with . or Enter, or press ? or * to list all spells.
You don't know that spell.
Unknown command.
The quasit bites you but does no damage.
The quasit claws you but does no damage. x2
The quasit attacks as it pursues you!
The quasit bites you but does no damage.
The quasit claws you but does no damage. x2
The quasit bites you.
You die...

#.. #... ....####
#...♣####
#.P.....####
#...♣......###
#P.♣..)......##
#..#..........###
##.....5@.......##
###...........<.##
#..............##
#...............#
.................#
###...........#####
#..♣.♣......#.
#..P........#..
.......#.


You could see a quasit.

Vanquished Creatures
  Sigmund (D:2)
  A bombardier beetle (D:3)
  Natasha (D:2)
  Terence (D:2)
  2 adders
  A dart slug (D:1)
  A ribbon worm (D:2)
  4 bats
  5 endoplasms
  A goblin (D:2)
  4 hobgoblins
  6 jackals (D:2)
  A quokka (D:3)
  7 ball pythons
  3 frilled lizards
  6 kobolds
  6 rats
51 creatures vanquished.

Vanquished Creatures (collateral kills)
  2 bats
  An endoplasm (D:2)
  A goblin (D:2)
  A ball python (D:1)
5 creatures vanquished.

Grand Total: 56 creatures vanquished

Notes
Turn   | Place    | Note
-------+----------+-------------------------------------------
     0 | D:1      | pedrokmd the Demonspawn Necromancer began the quest for the
                  | Orb.
     0 | D:1      | Reached XP level 1. HP: 13/13 MP: 3/3
   510 | D:1      | Gained mutation: Spells you cast may paralyse adjacent
                  | enemies. [demonic ancestry]
   510 | D:1      | Reached XP level 2. HP: 19/19 MP: 0/5
  1497 | D:2      | Reached skill level 5 in Necromancy
  1501 | D:2      | Gained mutation: Your movements are slightly less
                  | encumbered by armour. (ER -2) [demonic ancestry]
  1501 | D:2      | Reached XP level 3. HP: 7/24 MP: 0/6
  1727 | D:2      | Learned a level 3 spell: Vampiric Draining
  1821 | D:2      | Noticed Terence
  1825 | D:2      | Killed Terence
  1866 | D:2      | Noticed Natasha
  1877 | D:2      | Killed Natasha
  1878 | D:2      | Gained mutation: A meltable shield of frost defends you.
                  | (SH +4) [demonic ancestry]
  1878 | D:2      | Reached XP level 4. HP: 20/30 MP: 0/8
  2062 | D:2      | Noticed Sigmund
  2075 | D:2      | Killed Sigmund
  2076 | D:2      | Reached skill level 6 in Necromancy
  2076 | D:2      | Gained mutation: You have sharp fingernails. [demonic
                  | ancestry]
  2076 | D:2      | Reached XP level 5. HP: 23/35 MP: 8/10
  2252 | D:3      | Reached XP level 6. HP: 25/41 MP: 0/11
  2414 | D:3      | Found a shimmering blue altar of Sif Muna.
  2423 | D:3      | Reached skill level 7 in Necromancy
  2677 | D:3      | Found a shadowy altar of Dithmenos.
  3118 | D:4      | Lost dexterity.
  3141 | D:4      | HP: 2/41 [quasit (1)]
  3143 | D:4      | Slain by a quasit

Illustrated notes

Levels and vault maps discovered:
D:1:      erik_arrival_cave_to_civilisation [erik_arrival_cave_to_hall],
          layout_basic, serial_corexii_hall, corexii_hall_statues_l,
          chequers_hall_statues_wall_a, corexii_hall_statues_s
D:2:      layout_rooms, uniq_natasha, uniq_sigmund, uniq_terence
D:3:      layout_loops_ring, mainiacjoe_overflow_surrounded_room,
          grunt_dithmenos_smoke_and_mirrors,
          hangedman_abyss_or_decor_lesser_grid
D:4:      layout_cave_pods, lemuel_doored_altar, serial_demonic,
          serial_demonic_f, serial_demonic_b, serial_demonic_f,
          serial_demonic_f, serial_demonic_c, serial_demonic_c,
          gammafunk_ghost_smash

Skill      XL: |  1  2  3  4  5  6 |
---------------+-------------------+-----
Dodging        | 2 |  2.0
Stealth        | 2 |  2.0
Necromancy     | 5 6 7 |  7.0
Spellcasting   | 3 |  3.8
Polearms       | |  0.1

Action                     |  1- 3 |  4- 6 || total
---------------------------+-------+-------++-------
  Melee: Whip              |    42 |     3 ||    45
         Halberd           |       |    86 ||    86
  Throw: Dart              |     2 |     6 ||     8
   Cast: Necrotise         |    44 |    22 ||    66
         Vampiric Draining |       |     1 ||     1
    Use: Potion            |       |     6 ||     6
   Stab: Sleeping          |     2 |     2 ||     4
         Paralysed         |     4 |       ||     4
         Distracted        |       |     1 ||     1
 Armour: Robe              |    27 |   124 ||   151
         Skin              |       |   117 ||   117
  Dodge: Dodged            |    31 |   101 ||   132
  Block: Other             |       |    20 ||    20
